 Dungeon Crawl Stone Soup version 0.17.1-1-g73c8601 (webtiles) character file.

66 Flanowski the Skirmisher (level 3, -5/34 HPs)
             Began as a Minotaur Fighter on Jan 1, 2016.
             Slain by Lanilor's ghost (8 damage)
             ... on level 3 of the Dungeon.
             The game lasted 00:02:03 (1055 turns).

Flanowski the Skirmisher (Minotaur Fighter)         Turns: 1055, Time: 00:02:03

Health: -5/34      AC:  7    Str: 21    XL:     3   Next: 96%
Magic:  2/2        EV:  7    Int:  5    God:
Gold:   94         SH:  9    Dex:  9    Spells: 0 memorised, 2 levels left

rFire  . . .     SeeInvis .     a - +0 flail
rCold  . . .     Clarity  .     b - +0 scale mail
rNeg   . . .     SustAt   .     c - +0 shield
rPois  .         Gourm    .     (helmet restricted)
rElec  .         Spirit   .     (no cloak)
rCorr  .         Warding  .     (no gloves)
rMut   .         Rnd*Tele +     (no boots)
MR     .....                    (no amulet)
Stlth  +.........               l - ring of teleportation (curse)
                                i - ring of stealth

@: not resistant to hostile enchantments, very unstealthy
A: retaliatory headbutt, horns 2
a: Evoke Teleportation


You were on level 3 of the Dungeon.
You were hungry.

You visited 1 branch of the dungeon, and saw 3 of its levels.

You collected 94 gold pieces.

Inventory:

Hand Weapons
 a - a +0 flail (weapon)
Armour
 b - a +0 scale mail (worn)
 c - a +0 shield (worn)
Jewellery
 i - a ring of stealth (left hand)
 l - a cursed ring of teleportation (right hand)
Scrolls
 f - 2 scrolls of teleportation {unknown}
 g - a scroll of recharging {unknown}
 k - 3 scrolls of remove curse {unknown}
 n - a scroll of enchant weapon {unknown}
 o - 4 scrolls of identify {unknown}
 q - 2 scrolls of immolation {unknown}
 r - a scroll of fog {unknown}
Potions
 d - a potion of might
 j - a potion of heal wounds {unknown}
 s - a potion of invisibility {unknown}
 t - a potion of haste {unknown}
 u - a potion of poison {unknown}
Comestibles
 e - 2 bread rations
 h - 4 fruits
 m - 2 slices of pizza
 p - a royal jelly


   Skills:
 * Level 4.6 Fighting
 + Level 2.9 Maces & Flails
 * Level 4.4 Armour
 + Level 0.4 Dodging
 + Level 3.9 Shields


You had 2 spell levels left.
You didn't know any spells.

Dungeon Overview and Level Annotations

Branches:
Dungeon (3/15)

Altars:

Annotations:
D:3 Lanilor's ghost, amateur DECj


Innate Abilities, Weirdness & Mutations

You reflexively headbutt those who attack you in melee.
You have a pair of horns on your head.


Message History

Lanilor's ghost hits you.
Your shield and scale mail prevent you from hitting Lanilor's ghost.
Lanilor's ghost is moderately damaged.
Lanilor's ghost hits you.
You are electrocuted!
* * * LOW HITPOINT WARNING * * *
You are too injured to fight recklessly!
You are too injured to fight recklessly!
You are too injured to fight recklessly!
Unknown command.
You closely miss Lanilor's ghost.
Lanilor's ghost is moderately damaged.
Lanilor's ghost adeptly chants a nearly unspeakable incantation.
Lanilor's ghost hits you.
* * * LOW HITPOINT WARNING * * *
You thump Lanilor's ghost! Your headbutt misses Lanilor's ghost.
Lanilor's ghost is severely damaged.
Lanilor's ghost hits you.
* * * LOW HITPOINT WARNING * * *
You are electrocuted!
You die...

........###
#.........#### #.......#
#)####.(...... ...###.#.#
#.# #.##.#### #######.#.#
#.# #.##.# #.......#.#
#.# #.##.#
#.#####.#.####.####.##.##
#.#...............#
#.######.#.##.##..##
#..W@(.....##.##.#.##
####.######.####.#.###†#
#....# #.# #..## ##.
#.#### #.######.###.# #.
#.........#.## #.
#########..... #. ######
#. .. #########


You could see Lanilor's ghost.

Vanquished Creatures
  3 worms
  2 giant geckos
  7 bats
  3 giant cockroaches
  4 goblins
  7 hobgoblins
  4 jackals (D:2)
  10 kobolds
  5 giant newts
  5 rats
50 creatures vanquished.

Notes
Turn   | Place    | Note
--------------------------------------------------------------
     0 | D:1      | Flanowski the Minotaur Fighter began the quest for the Orb.
     0 | D:1      | Reached XP level 1. HP: 19/19 MP: 0/0
    86 | D:1      | Reached XP level 2. HP: 27/27 MP: 1/1
   101 | D:1      | Reached skill level 4 in Fighting
   404 | D:2      | Reached XP level 3. HP: 24/34 MP: 2/2
  1043 | D:3      | Noticed Lanilor's ghost (amateur DECj)
  1055 | D:3      | Slain by Lanilor's ghost

Action                   || total
-------------------------++-------
Melee: Flail             ||   128
